Map: Dash and Terminal LE (Void)

Players

Valhanis - Winner!

  • Race: Zerg Zerg
  • League: Grandmaster

FERD

  • Race: Zerg Zerg
  • League: Bronze

VOD

Have the link to the VOD?

Description

Time

  • Played on: Sept. 22, 2015, 5:50 p.m.
  • Length: 7:49
Show
View Real Time Build Order
Export as new Build Order

Valhanis Zerg - Winner!

Build Orders: Hatch First 

Get SALT Encoding   

  12  0:01  Drone  
  13  0:14  Overlord  
  13  0:22  Drone  
  14  0:33  Drone x2  
  16  0:37  Drone  
  17  0:58  Hatchery  
  16  1:05  Drone  
  16  1:06  Drone  
  16  1:10  Extractor  
  17  1:23  Spawning Pool  
  17  1:24  Drone  
  17  1:25  Drone  
  18  1:36  Drone  
  19  1:50  Drone  
  20  2:01  Overlord  
  20  2:10  Queen  
  20  2:12  Zergling x2  
  20  2:14  Queen, Zergling x2  
  26  2:21  Zergling x4  
  28  2:30  Drone  
  29  2:37  Zergling x4  
  29  2:47  Drone, Zergling x2  
  31  3:00  Extractor  
  31  3:02  Drone  
  31  3:03  Evolution Chamber  
  31  3:04  Evolution Chamber  
  29  3:08  Drone  
  29  3:09  Drone  
  31  3:13  Drone  
  31  3:18  Drone  
  31  3:19  Overlord  
  33  3:27  Drone x2  
  35  3:31  Zerg Melee Weapons Level 1  
  35  3:33  Zerg Ground Armor Level 1  
  35  3:38  Drone x3  
  38  3:46  Zergling x4  
  40  3:48  Zergling x2  
  40  3:52  Metabolic Boost  
  41  3:57  Overlord  
  41  4:05  Overlord  
  41  4:10  Zergling x2  
  41  4:11  Zergling x4  
  44  4:23  Zergling x12  
  50  4:33  Zergling x4  
  50  4:34  Spine Crawler  
  50  4:36  Zergling x2  
  52  4:44  Overlord  
  52  4:45  Overlord  
  52  4:53  Zergling x2  
  52  4:56  Overlord  
  53  5:10  Zergling x8  
  53  5:11  Zergling x4  
  59  5:17  Zergling x4  
  61  5:31  Overlord  
  61  5:32  Zergling x12  
  67  5:42  Zergling x8  
  57  6:00  Zergling x2  
  57  6:01  Zergling x4  
  58  6:18  Zergling x2  
  58  6:19  Zergling x18  
  58  6:24  Lair  
  62  6:31  Zergling x4  
  55  6:50  Zergling x6  
  56  6:55  Zergling x4  
  56  6:57  Zergling x6  
  56  6:58  Zergling x2  
  56  7:01  Zergling x6  
  61  7:14  Zergling x6  
  62  7:19  Zergling x4  
Show
View Real Time Build Order
Export as new Build Order

FERD Zerg 

Build Orders: Pool First 

Get SALT Encoding   

  12  0:03  Drone  
  13  0:13  Overlord  
  13  0:17  Drone  
  14  0:32  Drone x2  
  16  0:43  Spawning Pool  
  16  0:46  Drone  
  16  1:08  Hatchery  
  16  1:11  Drone  
  16  1:20  Drone  
  17  1:34  Zergling x4  
  17  1:35  Zergling x2  
  17  1:36  Queen  
  22  1:48  Overlord  
  22  2:07  Extractor  
  21  2:09  Drone  
  21  2:10  Drone  
  23  2:38  Drone x2, Overlord  
  23  2:39  Drone  
  25  3:11  Spine Crawler, Zergling x10  
  25  3:12  Spine Crawler, Zergling x6  
  31  3:20  Metabolic Boost  
  31  3:35  Drone x2, Baneling Nest  
  31  3:38  Extractor  
  31  3:41  Queen  
  33  3:55  Drone x3  
  36  3:56  Drone x2  
  38  4:06  Drone  
  39  4:51  Roach Warren  
  38  4:55  Evolution Chamber  
  37  5:06  Baneling x2  
  37  5:07  Baneling x2  
  37  5:14  Zergling x2  
  37  5:15  Overlord, Zergling x2  
  37  5:16  Drone x4  
  37  5:17  Drone  
  44  5:22  Overlord, Extractor  
  44  5:23  Overlord, Extractor  
  44  5:24  Overlord  
  42  5:40  Zerg Melee Weapons Level 1  
  38  5:59  Roach x6  
  38  6:00  Roach x4  
  58  6:06  Spine Crawler  
  58  6:09  Spine Crawler  
  56  6:13  Zergling x10  
  51  6:25  Roach  
  51  6:26  Roach  
  36  6:41  Roach x6  
  36  6:42  Roach x2  
  50  6:53  Spine Crawler  
  41  6:56  Roach  
  41  6:58  Zergling x2  
  30  7:16  Zergling x8  
Tags
 
Add a new tag
Caveats
  • Supply blocks, unpowered buildings, or Contaminate may cause inaccurate times.
  • Supply counts are checked every 10 seconds.